Map: King of Braxis Station

Players

MrFercho

  • Race: Terran Terran
  • Spawn Location: 12:00

tigro

  • Race: Terran Terran
  • League: Silver
  • Spawn Location: 7:00

IA (Difícil)

  • Race: Zerg Zerg
  • Spawn Location: 11:00

DIALUPNOLAG

  • Race: Protoss Protoss
  • League: Bronze
  • Spawn Location: 9:00

VOD

Have the link to the VOD?

Description

Time

  • Played on: Aug. 9, 2019, 11:02 p.m.
  • Length: 28:31
Show
View Real Time Build Order
Export as new Build Order

MrFercho Terran 

Build Orders:  

Get SALT Encoding   

  12  0:03  SCV  
  13  0:32  SCV, Refinery  
  13  0:33  Supply Depot  
  14  0:44  SCV  
  15  0:59  Barracks  
  15  1:05  SCV  
  16  1:13  Refinery  
  16  1:18  SCV  
  17  1:30  SCV  
  18  1:49  Reaper  
  19  2:04  Orbital Command  
  19  2:19  Factory  
  19  2:21  Reaper  
  20  2:34  SCV  
  20  2:35  Engineering Bay  
  21  2:46  SCV  
  22  3:17  Sensor Tower  
  22  3:34  Marine  
  23  3:42  Supply Depot  
  23  3:45  Supply Depot  
  23  4:03  Marine  
  23  4:04  Hellion  
  23  4:06  Supply Depot  
  23  4:08  SCV  
  27  4:20  SCV  
  28  4:25  Hellion  
  30  4:32  SCV  
  31  4:39  Barracks Tech Lab  
  31  4:44  Terran Infantry Weapons Level 1, SCV  
  32  4:56  SCV  
  33  5:06  Factory Tech Lab  
  33  5:09  SCV  
  34  5:21  SCV  
  35  5:26  Siege Tank  
  37  5:58  Siege Tank  
  33  6:21  Marauder, Refinery  
  33  6:23  Command Center  
  35  6:30  Cyclone  
  38  6:37  Ghost Academy  
  38  6:40  Engineering Bay  
  38  6:43  Marauder  
  38  6:46  Refinery  
  40  7:03  Marine  
  41  7:21  Marine  
  42  7:49  Siege Tank  
  43  8:02  Personal Cloaking  
  42  8:07  Terran Infantry Armor Level 1  
  42  8:21  Siege Tank  
  42  8:22  Armory  
  42  8:24  Armory  
  45  8:33  Starport  
  45  8:36  Starport  
  45  8:53  Ghost, Cyclone  
  50  9:04  SCV  
  50  9:09  Armory  
  51  9:10  SCV  
  51  9:13  Starport  
  51  9:16  SCV  
  53  9:22  SCV  
  54  9:28  SCV, Missile Turret  
  55  9:33  Nuke  
  55  9:34  SCV  
  56  9:40  SCV  
  57  9:46  SCV  
  57  9:51  Missile Turret  
  57  9:52  SCV  
  59  9:58  SCV  
  60  10:11  Missile Turret  
  60  10:19  Missile Turret  
  60  10:21  Missile Turret  
  60  10:34  Missile Turret  
  56  10:47  Viking  
  56  10:48  Viking  
  56  10:49  Viking  
  62  10:54  Ghost, Missile Turret  
  61  10:58  Nuke  
  61  11:16  Missile Turret  
  61  11:19  Missile Turret  
  61  11:20  Missile Turret  
  61  11:21  SCV  
  61  11:24  Missile Turret  
  62  11:40  Missile Turret  
  62  11:41  Medivac, Ghost, SCV, Missile Turret  
  67  11:53  SCV  
  68  12:05  SCV  
  67  12:18  SCV  
  62  13:04  Viking x3  
  68  13:33  Viking  
  68  13:34  Viking x2  
  64  14:03  Viking  
  64  14:04  Viking x2  
  68  14:38  Ghost  
  68  14:42  Nuke  
  70  14:56  Thor  
  76  15:04  Terran Ship Weapons Level 1, Terran Vehicle And Ship Armor Level 1, Terran Vehicle Weapons Level 1  
  76  15:06  Ghost  
  78  15:39  Thor  
  72  16:22  Thor  
  64  16:36  Viking x3  
  68  17:04  Thor  
  68  17:05  Viking  
  68  17:06  Viking x2  
  80  17:35  Viking  
  80  17:36  Viking x2  
  74  18:05  Viking  
  74  18:06  Viking x2  
  80  18:35  Viking  
  52  19:01  Viking  
  52  19:02  Viking  
  56  19:04  Terran Vehicle And Ship Armor Level 2, Terran Vehicle Weapons Level 2, Terran Ship Weapons Level 2  
  56  19:05  Viking  
  58  19:18  Smart Servos  
  58  19:29  Thor  
  64  19:31  Viking  
  66  20:06  Starport  
  66  20:08  Starport x2, SCV  
  66  20:12  Thor  
  73  20:20  SCV  
  74  20:24  Supply Depot  
  74  20:25  Supply Depot  
  74  20:32  SCV  
  75  20:43  Factory  
  75  20:45  SCV  
  75  20:46  Supply Depot  
  75  20:47  Supply Depot  
  76  20:55  Cyclone  
  80  20:57  SCV  
  80  21:07  Ghost  
  82  21:12  Nuke  
  82  21:22  Ghost Academy  
  82  21:25  Ghost Academy  
  82  21:27  Ghost Academy, Cyclone  
  82  21:28  Factory  
  85  21:36  Ghost  
  85  21:37  Factory  
  85  21:38  Factory  
  87  21:40  Starport Tech Lab x3  
  87  21:59  Cyclone  
  90  22:04  Ghost  
  82  22:23  Factory  
  76  22:33  Ghost  
  77  22:40  Viking x3  
  54  23:04  Factory Tech Lab  
  54  23:11  Orbital Command  
  54  23:17  Supply Depot  
  54  23:20  Supply Depot x2  
  54  23:39  Viking x3  
  54  23:41  Supply Depot  
  60  23:43  Supply Depot  
  60  23:45  Supply Depot  
  60  23:59  Nuke  
  60  24:00  Nuke x2  
  60  24:04  Supply Depot  
  60  24:09  Viking x3  
  39  24:38  Viking x2  
  39  24:40  Command Center, Refinery  
Show
View Real Time Build Order
Export as new Build Order

tigro Terran 

Build Orders:  

Get SALT Encoding   

  12  0:08  SCV  
  13  0:21  SCV  
  14  0:33  SCV  
  15  0:37  Supply Depot  
  15  0:59  SCV  
  16  1:11  SCV  
  17  1:16  Barracks  
  17  1:20  Refinery  
  17  1:23  SCV  
  18  1:35  SCV, Refinery  
  19  1:47  SCV  
  19  1:52  Engineering Bay  
  20  1:59  SCV  
  21  2:16  Marine  
  22  2:25  Barracks  
  22  2:33  Marine  
  23  2:51  Terran Infantry Weapons Level 1  
  23  2:52  Factory  
  23  3:04  Orbital Command  
  23  3:05  Supply Depot  
  23  3:16  Barracks Tech Lab  
  23  3:17  Missile Turret  
  23  3:26  Marine  
  24  3:37  Combat Shield  
  24  3:42  Missile Turret  
  24  3:44  Marine  
  25  4:02  Marauder, Marine, Missile Turret  
  28  4:19  Marine  
  28  4:23  Marauder  
  31  4:27  Armory  
  31  4:55  Missile Turret  
  31  5:01  Supply Depot  
  31  5:02  Terran Infantry Armor Level 1  
  31  5:17  Stimpack  
  31  5:20  Starport  
  31  5:21  Factory Tech Lab  
  31  5:23  Marine, Reaper  
  33  5:37  Supply Depot  
  33  5:40  Marine  
  34  5:49  Missile Turret  
  34  5:58  Marine  
  35  6:07  Starport Tech Lab  
  35  6:25  Missile Turret  
  35  6:26  Siege Tank  
  38  6:33  Terran Vehicle Weapons Level 1  
  38  6:56  Barracks Tech Lab, Neosteel Armor  
  38  6:57  Concussive Shells  
  38  6:58  Siege Tank  
  41  7:30  Siege Tank  
  44  7:59  Medivac  
  44  8:02  Thor  
  52  8:23  Missile Turret  
  52  8:24  Missile Turret  
  52  8:36  Terran Infantry Weapons Level 2  
  52  8:45  Marine  
  53  8:49  Medivac  
  55  9:03  Marine  
  56  9:20  Marine  
  57  9:24  Terran Vehicle Weapons Level 2  
  57  9:38  Marine  
  58  9:56  Marine  
  59  10:05  Missile Turret  
  59  10:10  Missile Turret  
  59  10:39  Missile Turret  
  59  10:52  Terran Infantry Armor Level 2  
  59  10:54  Missile Turret  
  59  11:18  Missile Turret  
  59  11:41  Terran Vehicle And Ship Armor Level 1  
  59  12:23  Refinery  
  48  13:35  Terran Ship Weapons Level 1  
  30  14:31  Command Center  
  30  14:35  Fusion Core  
  30  15:01  Missile Turret  
  29  15:11  Marine  
  22  15:14  Viking  
  12  15:29  Marine, Missile Turret  
  12  15:33  Marine  
  14  15:47  Marine  
  15  15:52  Marine  
  14  16:04  Marine  
  14  16:09  Marine  
  13  16:22  Marine  
  14  16:27  Marine  
  12  16:40  Marine  
  12  16:45  Marine  
  11  16:58  Marine  
  12  17:03  Marine  
  11  17:21  Marine  
  10  17:38  Marine  
  10  17:39  SCV  
  12  17:51  SCV  
  13  17:56  Marine  
  14  18:03  SCV  
  15  18:08  Supply Depot  
  15  18:18  Marine  
  15  18:20  SCV  
  15  18:32  SCV  
  16  18:35  Engineering Bay  
  16  18:36  Marine  
  17  18:54  Marine  
  18  19:02  Factory  
  18  19:12  Marine  
  19  19:17  Missile Turret  
  13  19:52  Factory Tech Lab  
  13  20:02  Starport  
  13  20:21  Planetary Fortress  
  13  20:35  Missile Turret  
  13  20:59  Starport Tech Lab  
  13  21:13  Armory  
  13  21:23  Rapid Reignition System  
  13  21:28  Viking  
  15  21:43  SCV  
  16  22:19  SCV, Refinery  
  16  22:20  Corvid Reactor  
  17  22:42  SCV  
  18  22:55  SCV  
  19  23:19  Viking  
  21  23:33  Supply Depot  
  21  23:38  Cloaking Field  
  21  23:49  Viking  
  21  23:55  SCV  
  24  24:57  Hyperflight Rotors  
  12  25:51  Viking  
  12  25:56  Engineering Bay  
  14  26:21  Viking  
  16  26:51  Viking  
  18  26:57  Missile Turret  
  20  27:23  Missile Turret  
Show
View Real Time Build Order
Export as new Build Order

IA (Difícil) Zerg 

Build Orders: 1 Base Baneling Bust, Pool Only 

Get SALT Encoding   

  12  0:00  Drone  
  13  0:11  Overlord  
  13  0:16  Drone  
  14  0:30  Drone  
  14  0:31  Drone  
  16  0:41  Spawning Pool  
  15  0:43  Drone  
  15  0:47  Drone  
  17  0:50  Extractor  
  17  0:55  Drone  
  17  1:05  Overlord  
  17  1:28  Queen  
  17  1:30  Zergling x2  
  21  1:32  Zergling x2  
  21  1:34  Roach Warren  
  21  1:37  Drone  
  21  1:40  Extractor  
  20  1:48  Drone  
  20  1:50  Baneling Nest  
  20  1:59  Drone  
  21  2:10  Drone  
  22  2:20  Zergling x2  
  23  2:31  Drone  
  23  2:33  Baneling x2  
  23  2:34  Baneling  
  23  2:35  Zergling x2, Overlord  
  25  2:37  Zergling x2  
  25  2:43  Zergling x2  
  27  2:54  Drone  
  28  3:04  Zergling x2  
  29  3:06  Zergling x2, Overlord  
  29  3:09  Zergling x2  
  31  3:14  Baneling  
  31  3:16  Zergling x2  
  31  3:19  Baneling x2  
  32  3:27  Zergling x2  
  32  3:32  Evolution Chamber  
  32  3:38  Zergling x2, Drone  
  32  3:40  Drone  
  35  3:49  Drone  
  36  4:00  Drone  
  37  4:10  Drone  
  37  4:11  Drone  
  37  4:13  Overlord, Drone  
  40  4:34  Roach  
  40  4:35  Evolution Chamber  
  40  4:36  Overlord  
  41  4:42  Roach, Drone  
  44  4:49  Drone  
  44  4:51  Lair, Roach  
  47  4:59  Roach  
  49  5:06  Metabolic Boost, Drone  
  48  5:18  Zerg Melee Weapons Level 1  
  47  5:26  Zerg Ground Armor Level 1  
  47  5:42  Roach  
  49  5:49  Burrow  
  49  5:51  Roach  
  49  5:54  Hydralisk Den  
  49  5:55  Overlord  
  50  5:59  Roach, Drone  
  53  6:08  Roach  
  55  6:21  Overlord  
  55  6:23  Overseer, Hydralisk  
  57  6:27  Overseer  
  57  6:31  Hydralisk  
  59  6:34  Spore Crawler  
  59  6:35  Drone  
  59  6:40  Hydralisk  
  59  6:41  Spore Crawler  
  59  6:42  Drone  
  61  6:49  Hydralisk  
  63  6:59  Queen, Infestation Pit  
  63  7:01  Drone  
  65  7:09  Drone, Spine Crawler  
  65  7:18  Spine Crawler  
  65  7:19  Drone  
  65  7:26  Overlord, Overseer  
  65  7:40  Spire  
  65  7:41  Drone  
  59  7:47  Hydralisk  
  57  7:53  Overlord, Roach  
  57  8:01  Hydralisk  
  57  8:03  Overlord  
  55  8:11  Roach  
  51  8:16  Spawning Pool  
  41  8:20  Roach  
  22  8:37  Drone x2  
  22  8:38  Drone  
  9  9:06  Drone x2  
  9  9:09  Drone  
Show
View Real Time Build Order
Export as new Build Order

DIALUPNOLAG Protoss 

Build Orders:  

Get SALT Encoding   

  12  0:02  Probe  
  13  0:17  Pylon  
  13  0:20  Probe  
  14  0:30  Probe  
  15  0:38  Probe  
  16  0:46  Gateway  
  16  0:47  Probe  
  16  0:53  Forge  
  17  0:59  Probe  
  17  1:02  Assimilator  
  18  1:07  Assimilator  
  18  1:09  Probe  
  19  1:17  Probe  
  19  1:25  Probe  
  20  1:31  Pylon  
  21  1:37  Probe  
  21  1:39  Cybernetics Core  
  22  1:49  Probe  
  23  1:54  Photon Cannon  
  23  2:01  Photon Cannon  
  23  2:05  Probe  
  24  2:17  Probe  
  24  2:19  Stargate  
  25  2:26  Stargate  
  25  2:42  Photon Cannon  
  25  2:48  Shield Battery  
  25  2:55  Pylon  
  25  3:04  Void Ray  
  29  3:35  Nexus  
  29  3:46  Void Ray  
  33  4:03  Void Ray  
  37  4:16  Pylon  
  37  4:19  Pylon  
  37  4:22  Protoss Shields Level 1  
  37  4:28  Pylon  
  37  4:34  Protoss Air Weapons Level 1  
  37  4:50  Probe, Unknown  
  37  4:55  Unknown  
  38  5:04  Photon Cannon  
  37  5:25  Void Ray  
  41  5:28  Void Ray  
  45  6:00  Pylon  
  45  6:07  Pylon  
  45  6:13  Void Ray  
  49  6:23  Void Ray  
  53  6:37  Shield Battery  
  53  6:44  Pylon  
  53  6:56  Void Ray  
  53  6:57  Photon Cannon  
  57  7:05  Pylon  
  57  7:20  Shield Battery  
  57  7:31  Shield Battery  
  57  8:36  Void Ray  
  57  8:37  Void Ray  
  65  8:42  Nexus  
  65  8:45  Photon Cannon  
  65  9:19  Void Ray  
  69  10:02  Void Ray  
  69  10:03  Void Ray  
  77  10:08  Probe  
  78  10:16  Probe  
  78  10:19  Protoss Air Armor Level 1  
  79  10:21  Nexus  
  79  10:26  Probe  
  80  10:36  Pylon  
  80  10:38  Probe  
  81  10:44  Robotics Facility  
  81  10:50  Probe  
  82  10:57  Shield Battery  
  82  10:58  Shield Battery  
  82  11:01  Probe, Unknown  
  82  11:05  Unknown  
  82  11:10  Probe, Unknown  
  83  11:14  Unknown  
  84  11:19  Probe  
  85  11:31  Probe  
  86  11:35  Fleet Beacon, Observer  
  87  11:43  Probe  
  88  11:49  Probe  
  89  11:56  Probe  
  89  11:57  Probe  
  90  12:02  Photon Cannon  
  90  12:07  Probe  
  90  12:08  Probe  
  92  12:12  Photon Cannon  
  93  12:19  Probe  
  95  12:27  Assimilator  
  95  12:31  Probe  
  95  12:32  Assimilator  
  95  12:35  Photon Cannon  
  95  12:42  Void Ray  
  95  12:43  Probe  
  100  12:48  Shield Battery  
  100  12:55  Probe  
  101  13:01  Photon Cannon  
  101  13:06  Shield Battery  
  101  13:08  Probe  
  101  13:10  Photon Cannon  
  102  13:24  Stargate x2  
  90  13:59  Photon Cannon x2  
  90  14:01  Photon Cannon, Cybernetics Core  
  90  14:02  Photon Cannon  
  90  14:03  Protoss Air Weapons Level 2  
  90  14:04  Twilight Council  
  90  14:05  Probe  
  91  14:13  Probe  
  91  14:19  Void Ray  
  91  14:22  Probe  
  97  14:32  Protoss Shields Level 2  
  97  14:35  Observer  
  98  14:48  Protoss Air Armor Level 2  
  98  14:57  Observer  
  99  15:06  Shield Battery  
  91  16:14  Photon Cannon  
  91  16:15  Photon Cannon  
  91  16:16  Photon Cannon  
  71  16:30  Void Ray x2  
  71  16:31  Void Ray x2  
  87  16:38  Stargate  
  87  16:40  Stargate  
  87  16:42  Stargate  
  87  16:44  Stargate  
  79  17:13  Void Ray  
  79  17:19  Void Ray x3  
  90  17:24  Void Ray x2  
  98  17:38  Protoss Air Weapons Level 3  
  98  17:59  Pylon  
  98  18:01  Pylon  
  98  18:04  Pylon  
  98  18:07  Pylon  
  98  18:17  Void Ray x2, Forge  
  102  18:26  Pylon  
  102  18:28  Pylon  
  102  18:30  Carrier x2  
  101  18:59  Photon Cannon  
  101  19:00  Photon Cannon  
  101  19:01  Photon Cannon  
  101  19:02  Photon Cannon  
  101  19:03  Void Ray x2  
  101  19:04  Photon Cannon  
  109  19:47  Protoss Shields Level 3  
  109  20:00  Protoss Air Armor Level 3  
  109  20:03  Shield Battery  
  109  20:04  Shield Battery  
  109  20:05  Shield Battery  
  109  20:06  Shield Battery  
  109  20:09  Shield Battery  
  109  20:15  Void Ray  
  113  20:51  Observer  
  113  20:54  Carrier  
  120  21:05  Observer  
  121  21:23  Carrier  
  121  21:24  Warp Prism  
  135  21:47  Carrier  
  123  23:05  Carrier x3  
  141  23:53  Nexus  
  140  24:10  Carrier  
  142  24:52  Pylon  
  142  24:53  Pylon  
  142  24:55  Pylon  
  142  24:57  Pylon  
  142  24:59  Pylon  
  142  25:05  Carrier x2  
  154  25:09  Pylon  
  154  25:10  Carrier  
  154  25:11  Carrier  
  166  25:46  Probe  
  166  25:54  Probe  
  166  25:55  Carrier x3  
  186  26:04  Probe  
  187  26:16  Probe  
  188  26:28  Probe  
Tags
 
Add a new tag
Caveats
  • Supply blocks, unpowered buildings, or Contaminate may cause inaccurate times.
  • Supply counts are checked every 10 seconds.